AoeStats
← Kratzbaum

Pilgrims

507836015Analyzed
3v3 RM · 13d ago on Sep 19, 2026· 54m 3s· 6 players
Game mode
Random Map
Map size
Normal (6 player)
Population
200
Speed
Normal
Resources
Standard
Victory
Conquest
Starting age
Dark Age
Ending age
Imperial Age
RankedLock teamsTeams togetherTeam positionsShared explorationLock speedFull tech treeHidden civsTurbo modeCheats
Victory
Defeat
1076
+14
🇦🇷 Hindustanis · Argentina
1073
+14
🇮🇳 Byzantines · India
989
+19
🇩🇪 Mongols · Germany
1057
-16
🇹🇷 Dravidians · Türkiye
1039
-16
🇺🇸 Vikings · United States
1015
-15
Kratzbaum
6:42 Loom
11:29 Feudal Age
18:18 Castle Age
17:05 Double-Bit Axe
19:30 Castle Age
18:09 Forging
23:15 Fletching
26:03 Gold Mining
26:28 Bow Saw
26:03 Horse Collar
26:35 Bodkin Arrow
26:41 Padded Archer Armor
27:39 Bloodlines
27:31 Husbandry
35:17 Imperial Age
33:16 Thumb Ring
34:16 Wheelbarrow
33:29 Town Watch
34:42 Ballistics
35:24 Leather Archer Armor
35:47 Iron Casting
36:17 Hand Cart
37:36 Bracer
38:44 Chemistry
40:56 Elite Mangudai
42:24 Scale Barding Armor
43:20 Blast Furnace
Yojimbo
7:01 Loom
11:26 Feudal Age
12:08 Fishing Lines
12:56 Double-Bit Axe
17:41 Wheelbarrow
17:21 Man-at-Arms
20:05 Castle Age
21:16 Medium Warships
21:29 Gillnets
21:37 Long Swordsman
23:08 Town Watch
24:11 Pikeman
25:15 Fletching
25:41 Bow Saw
26:47 Hand Cart
32:31 Clinker Construction
32:33 Careening
32:46 Ballistics
35:01 Imperial Age
35:50 Stone Mining
35:51 Gold Mining
37:11 Two-Man Saw
38:07 Chemistry
36:38 Halberdier
37:24 Scale Mail Armor
37:34 Forging
37:21 Bodkin Arrow
38:01 Heavy Warships
38:16 Elite Cannon Galleon
39:08 Arson
39:23 Squires
39:56 Two-Handed Swordsman
40:22 Gambesons
40:44 Bracer
41:19 Iron Casting
41:00 Chain Mail Armor
42:46 Champion
44:57 Padded Archer Armor
45:27 Plate Mail Armor
45:58 Blast Furnace
45:13 Husbandry
48:36 Elite Skirmisher
48:43 Elite Urumi Swordsman
49:44 Conscription
NachoFries4886
4:19 Loom
13:45 Feudal Age
14:23 Man-at-Arms
15:16 Double-Bit Axe
20:03 Castle Age
18:34 Stone Mining
18:35 Gold Mining
20:37 Fletching
20:48 Padded Archer Armor
23:10 Leather Archer Armor
22:50 Bodkin Arrow
24:19 Pikeman
24:46 Arson
25:58 Squires
28:27 Bodkin Arrow
29:59 Horse Collar
34:27 Imperial Age
32:10 Long Swordsman
32:36 Gambesons
33:48 Gold Shaft Mining
33:57 Town Watch
35:01 Forging
34:52 Scale Mail Armor
34:57 Scale Barding Armor
34:46 Two-Handed Swordsman
36:22 Iron Casting
36:50 Ballistics
38:01 Chemistry
41:08 Chain Mail Armor
41:02 Caravan
42:03 Blast Furnace
41:24 Chain Barding Armor
41:35 Ring Archer Armor
43:36 Elite Longship
47:26 Town Patrol
49:40 Elite Skirmisher
vibhuyasha
3:32 Loom
12:23 Feudal Age
17:14 Castle Age
17:30 Double-Bit Axe
18:18 Medium Warships
23:21 Horse Collar
24:41 Heavy Plow
25:24 Wheelbarrow
25:58 Bow Saw
28:48 Hand Cart
28:54 Husbandry
33:12 Imperial Age
31:01 Scale Barding Armor
32:04 Chain Barding Armor
31:55 Forging
34:18 Conscription
34:35 Plate Barding Armor
35:15 Iron Casting
35:35 Elite Cataphract
38:12 Logistica
43:22 Greek Fire
48:44 Heavy Warships
49:59 Cavalier
51:17 Paladin
54:45 Ballistics
55:25 Chemistry
Juanchaman
5:21 Loom
14:45 Feudal Age
17:02 Town Watch
20:32 Castle Age
20:19 Double-Bit Axe
22:10 Medium Warships
26:07 Bow Saw
29:39 Fletching
30:41 Wheelbarrow
30:04 Horse Collar
30:42 Gold Mining
34:15 Hand Cart
37:27 Imperial Age
35:20 Ballistics
34:54 Stone Mining
35:38 Heavy Plow
36:30 Grand Trunk Road
36:59 Murder Holes
38:08 Masonry
38:38 Conscription
39:29 Chemistry
38:49 Shatagni
38:58 Padded Archer Armor
39:18 Bodkin Arrow
40:41 Hoardings
41:50 Bracer
45:58 Town Patrol
46:18 Leather Archer Armor
46:15 Siege Engineers
49:45 Fortified Wall
52:35 Stone Shaft Mining
52:39 Gold Shaft Mining
42 aldeanos fueron a lo del tano
11:38 Feudal Age
9:55 Loom
16:34 Castle Age
15:28 Horse Collar
16:13 Double-Bit Axe
19:04 Bloodlines
23:23 Scale Barding Armor
23:29 Forging
26:04 Gold Mining
26:52 Wheelbarrow
31:32 Imperial Age
29:22 Hand Cart
28:53 Town Watch
29:53 Bow Saw
29:49 Heavy Plow
31:08 Husbandry
32:04 Ballistics
32:27 Gold Shaft Mining
31:42 Stone Mining
32:24 Cavalier
33:26 Chain Barding Armor
33:42 Iron Casting
36:13 Fletching
36:23 Padded Archer Armor
38:03 Conscription
38:17 Atheism
38:03 Marauders
38:24 Paladin
39:44 Plate Barding Armor
40:11 Blast Furnace
41:07 Elite Skirmisher
44:18 Chemistry
44:26 Bodkin Arrow
44:46 Leather Archer Armor
47:05 Bracer
51:39 Scale Mail Armor
53:39 Chain Mail Armor
Connection lost

Rejoining the realm…

Still unreachable

The connection could not be restored.

Session expired

The server has moved on; the page needs a fresh start.